 Dungeon Crawl Stone Soup version 0.25.0-37-gb73750e0fb (webtiles) character file.

Game seed: 13916047966702748784

146 xccam the Sneak (level 5, -1/34 HPs)
             Began as an Octopode Assassin on July 8, 2020.
             Slain by Grinder (2 damage)
             ... while paralysed by Grinder
             ... on level 3 of the Dungeon.
             The game lasted 00:02:25 (1754 turns).

xccam the Sneak (Octopode Assassin)                 Turns: 1754, Time: 00:02:25

Health: -1/34      AC:  1    Str: 10    XL:     5   Next: 28%
Magic:  5/5        EV:  2    Int: 13    God:
Gold:   44         SH:  0    Dex: 15    Spells: 4/4 levels left

rFire    . . .     SeeInvis .   a - +2 dagger
rCold    . . .     Gourm    .   (no shield)
rNeg     . . .     Faith    .   (helmet restricted)
rPois    .         Spirit   .   i - amulet of regeneration
rElec    .         Reflect  .   (no ring)
rCorr    .         Harm     .   (no ring)
MR       .....                  (no ring)
Stlth    ++++......             (no ring)
HPRegen  0.51/turn              (no ring)
MPRegen  0.09/turn              (no ring)
                                (no ring)
                                (no ring)

@: paralysed
A: almost no armour, stealthy swim, amphibious, 8 rings, constrict 8, camouflage
1, gelatinous body 1
a: no special abilities


You were on level 3 of the Dungeon.
You were not hungry.

You visited 1 branch of the dungeon, and saw 3 of its levels.

You collected 44 gold pieces.

Inventory:

Hand Weapons
 a - a +2 dagger (weapon)
Missiles
 b - 8 poisoned darts (quivered)
 c - 2 curare-tipped darts
Jewellery
 i - an amulet of regeneration (around mantle)
Wands
 p - a wand of random effects (17)
Scrolls
 e - a scroll of teleportation {unknown}
 g - a scroll of remove curse {unknown}
 h - 2 scrolls of identify {unknown}
 n - a scroll of noise {unknown}
 o - 3 scrolls of blinking {unknown}
Potions
 l - a potion of heal wounds
 m - a potion of curing {unknown}
 q - a potion of magic {unknown}
Comestibles
 d - 4 rations
 f - 3 chunks of flesh


   Skills:
 - Level 2.0 Fighting
 + Level 5.3 Short Blades
 - Level 2.0 Throwing
 - Level 1.0 Dodging
 - Level 5.3 Stealth


You had 4 spell levels left.
You didn't know any spells.
Your spell library was empty.

Dungeon Overview and Level Annotations

Branches:
Dungeon (3/15)

Altars:
Ashenzari
Gozag
Okawaru
Qazlal

Annotations:
D:3 Grinder


Innate Abilities, Weirdness & Mutations

You cannot wear most types of armour.
You are very stealthy in the water. (Stealth+)
You are amphibious.
You can wear up to eight rings at the same time.
You can use your tentacles to constrict eight enemies at once.
Your skin changes colour to match your surroundings (Stealth+).
Your rubbery body absorbs attacks. (AC +1, EV +1)


Message History

Grinder is severely wounded.
You barely miss Grinder.
Grinder is severely wounded.
You feel less wooden.
Grinder blinks!
You swing at nothing.
Grinder blinks!
You see here an adder corpse.
Grinder gestures at you. You resist with significant effort.
You hit Grinder. You grab Grinder. You squeeze Grinder.
Grinder is almost dead.
You constrict Grinder. Grinder gestures at you.
You suddenly lose the ability to move!
You lose your grip on Grinder.
Grinder hits you!
You writhe in agony.
Grinder hits you! Grinder hits you!
* * * LOW HITPOINT WARNING * * *
You writhe in agony.
You die...

. #..##........# ..[ ....
#...#........#### ....#....
#...###.........#
....#.....##...$...........#
...........................#
....... ..##...####........#
....... ####...# #........#
.......##†.†#### #........#
......)....@# ##########
.....#.#..5.# ... #......# .
####...# #...# #...# #...#
#...#


You could see Grinder.

Vanquished Creatures
  A worker ant (D:3)
  2 adders
  A worm (D:2)
  5 dart slugs
  5 leopard geckos
  7 giant cockroaches
  10 goblins
  11 hobgoblins
  3 jackals (D:1)
  3 quokkas (D:2)
  4 ball pythons
  7 bats
  A frilled lizard (D:1)
  8 kobolds
  8 rats
76 creatures vanquished.

Vanquished Creatures (others)
  A hobgoblin (D:2)
1 creature vanquished.

Grand Total: 77 creatures vanquished

Notes
Turn   | Place    | Note
-------+----------+-------------------------------------------
     0 | D:1      | xccam the Octopode Assassin began the quest for the Orb.
     0 | D:1      | Reached XP level 1. HP: 14/14 MP: 1/1
   109 | D:1      | Reached XP level 2. HP: 19/19 MP: 2/2
   565 | D:1      | Reached XP level 3. HP: 18/24 MP: 3/3
   885 | D:2      | Reached XP level 4. HP: 29/29 MP: 4/4
  1055 | D:2      | Found an iron altar of Okawaru.
  1097 | D:2      | Found an opulent altar of Gozag.
  1535 | D:2      | Found a stormy altar of Qazlal.
  1649 | D:3      | Found a shattered altar of Ashenzari.
  1659 | D:3      | Reached skill level 5 in Short Blades
  1659 | D:3      | Reached XP level 5. HP: 34/34 MP: 5/5
  1684 | D:3      | Noticed Grinder
  1751 | D:3      | Paralysed by Grinder for 3 turns
  1754 | D:3      | HP: 1/34 [Grinder (11)]
  1754 | D:3      | Slain by Grinder

Illustrated notes

Levels and vault maps discovered:
D:1:      dpeg_arrival_round_b, layout_basic
D:2:      layout_loops_ring, lemuel_round_altar, lemuel_crystal_altar,
          nicolae_qazlal_eye_of_the_storm
D:3:      layout_rooms, lemuel_doored_altar, ashenzari_altar_1, uniq_grinder

Skill      XL: |  1  2  3  4 |
---------------+-------------+-----
Short Blades   | 3 4 5 |  5.3
Fighting       | |  2.0
Throwing       | |  2.0
Dodging        | |  1.0
Stealth        | |  5.3

Action                   |  1- 3 |  4- 6 || total
-------------------------+-------+-------++-------
Melee: Dagger            |    76 |   108 ||   184
       Tentacles         |    12 |    13 ||    25
       Constrict         |    14 |    19 ||    33
  Use: Potion            |       |     3 ||     3
 Stab: Sleeping          |    11 |    10 ||    21
       Distracted        |     1 |       ||     1
  Eat: Chunk             |       |     3 ||     3
Armor: Skin              |     2 |    16 ||    18
Dodge: Dodged            |    40 |    40 ||    80
